 Dungeon Crawl Stone Soup version 0.21.1 (webtiles) character file.

1684 rlgrobin the Skirmisher (level 9, 0/57 HPs)
             Began as a Gargoyle Fighter on Feb 3, 2018.
             Was a Priest of Cheibriados.
             Killed by divine providence
             ... invoked by an orc priest
              (14 damage)
             ... on level 6 of the Dungeon.
             The game lasted 00:13:11 (4570 turns).

rlgrobin the Skirmisher (Gargoyle Fighter)          Turns: 4570, Time: 00:13:12

Health: 0/57       AC: 14    Str: 30    XL:     9   Next: 2%
Magic:  9/9        EV: 14    Int: 15    God:    Cheibriados [***...]
Gold:   279        SH: 13    Dex: 17    Spells: 8/8 levels left

rFire    . . .     SeeInvis .   q - +3 flail
rCold    . . .     Gourm    .   c - +1 shield
rNeg     + . .     Faith    .   b - +0 scale mail
rPois    ∞         Spirit   .   (no helmet)
rElec    +         Reflect  .   (no cloak)
rCorr    .         Harm     .   (no gloves)
MR       +....                  (no boots)
Stlth    ..........             (no amulet)
HPRegen  0.19/turn              y - ring of protection from magic
MPRegen  0.11/turn              h - +6 ring of evasion

@: very slow
A: negative energy resistance 1, electricity resistance, unbreathing,
petrification resistance, rot immunity, AC +6
a: Bend Time, Temporal Distortion, Renounce Religion


You were on level 6 of the Dungeon.
You worshipped Cheibriados.
Cheibriados was most pleased with you.
You were hungry.

You visited 1 branch of the dungeon, and saw 6 of its levels.

You collected 279 gold pieces.


Innate Abilities, Weirdness & Mutations

You are resistant to torment.
Your stone body is resilient. (AC +6)
You are immune to poison.
You resist negative energy. (rN+)
You are resistant to electric shocks. (rElec)
You can survive without breathing.
You are immune to petrification.
You are immune to rotting.


   Skills:
 + Level 7.0 Fighting
 + Level 5.8 Maces & Flails
 + Level 6.9 Armour
 + Level 6.9 Shields


You had 8 spell levels left.
You didn't know any spells.

Inventory:

Hand Weapons
 a - a +0 flail
 q - a +3 flail (weapon)
Armour
 b - a +0 scale mail (worn)
 c - a +1 shield (worn)
 i - a +0 helmet
Jewellery
 h - a +6 ring of evasion (right hand)
 u - an uncursed ring of ice
 y - a ring of protection from magic (left hand)
Scrolls
 j - 3 scrolls of fear
 k - a scroll of magic mapping
 t - 2 scrolls of teleportation {@r4}
 v - 2 scrolls of remove curse
 w - 2 scrolls of amnesia
 x - 2 scrolls of enchant armour
Potions
 d - a potion of heal wounds {unknown}
 e - a potion of berserk rage {unknown}
 g - 2 potions of magic
 m - 4 potions of flight
 n - 2 potions of agility {unknown}
 o - a potion of lignification {!q}
 p - a potion of brilliance {unknown}
 r - a potion of cancellation
 s - a potion of degeneration {unknown}
Comestibles
 f - 15 rations

Dungeon Overview and Level Annotations

Branches:
Dungeon (6/15)             Temple (0/1) D:5

Altars:
Cheibriados
Fedhas
Kikubaaqudgha
Nemelex Xobeh
Trog
The Shining One

Shops:
D:4

* ▒▒ ▒▒▒
▒. ..▒ ..
▒.▒ ▒. ▒.▒
▒z ▒.▒ ▒{
▒.▒
▒o▒▒▒▒.▒▒▒
▒o8..<...▒
▒..▒▒.▒▒▒▒
▒..▒▒.▒
....▒▒.▒
▒▒▒.▒▒▒.▒
▒. ▒.▒ ..
▒.▒ ▒▒ ▒.▒
..▒


You could see an orc warrior, a wight and an orc priest.


Message History

* * * don't die
* * * You take 6 damage, and have 21/57 hp!
You crush the orc priest but do no damage!
The orc priest is severely wounded!
The orc priest barely misses you! You block the orc warrior's attack!
You are feeling hungry!
You flatten the orc priest but do no damage!
The orc priest is severely wounded!
You block the orc priest's attack! The orc warrior barely misses you!
You block the orc priest's attack!
You closely miss the orc priest!
The orc priest is severely wounded!
You block the orc priest's attack! The orc warrior misses you!
You crush the orc priest but do no damage!
The orc priest is severely wounded!
The orc priest calls upon Beogh to heal the orc warrior!
The orc warrior is healed somewhat!
You closely miss the orc priest!
The orc priest is severely wounded!
The orc warrior hits you with a BATTLEAXE! * * * don't die
* * * The orc priest hits you but does no damage!
You take 6 damage, and have 16/57 hp!
You barely miss the orc priest!
The orc priest is severely wounded!
The orc warrior hits you with a BATTLEAXE! * * * don't die
* * * The orc priest invokes the aid of Beogh against you!
Beogh smites you!!! rip

Action                   |  1- 3 |  4- 6 |  7- 9 || total
-------------------------+-------+-------+-------++-------
Melee: Flail             |    68 |   260 |   215 ||   543
Invok: Bend Time         |       |       |     1 ||     1
  Use: Potion            |       |     3 |     6 ||     9
       Scroll            |       |    10 |     2 ||    12
  Eat: Chunk             |       |     5 |     3 ||     8
Armor: Scale mail        |    23 |   136 |    88 ||   247
       Skin              |       |       |     4 ||     4
Dodge: Dodged            |    42 |   267 |   154 ||   463
Block: Shield            |    28 |   278 |   210 ||   516

Vault maps used:
D:1:      matt_arrival_los_fun, minivault_11
D:2:      cheibrodos_fertilizer, lemuel_coloured_pillars_altar,
          nicolae_overflow_hidden_temple, uniq_sigmund, uniq_terence, uniq_robin
D:3:      first_ration, kennysheep_doodads
D:4:      serial_shops, shop, minmay_misc_feat_rows
D:5:      grunt_temple_overflow_open, minmay_temple_entry_purple_smoke,
          corexii_leaking_fountain, uniq_edmund, uniq_duvessa, uniq_eustachio
D:6:      basic_altar, uniq_pikel

Notes
Turn   | Place    | Note
-------+----------+-------------------------------------------
     0 | D:1      | rlgrobin the Gargoyle Fighter began the quest for the Orb.
     0 | D:1      | Reached XP level 1. HP: 14/14 MP: 1/1
   152 | D:1      | Reached XP level 2. HP: 15/19 MP: 2/2
   792 | D:2      | Reached XP level 3. HP: 22/24 MP: 3/3
   801 | D:2      | Reached XP level 4. HP: 15/29 MP: 4/4
   812 | D:2      | Reached skill level 4 in Shields
   881 | D:2      | Reached skill level 4 in Fighting
   881 | D:2      | Reached skill level 4 in Armour
  1082 | D:2      | Noticed Sigmund
  1115 | D:2      | Killed Sigmund
  1115 | D:2      | Reached skill level 3 in Maces & Flails
  1115 | D:2      | Reached XP level 5. HP: 16/34 MP: 5/5
  1115 | D:2      | Reached XP level 6. HP: 18/39 MP: 6/6
  1326 | D:2      | Found a snail-covered altar of Cheibriados.
  1335 | D:2      | Became a worshipper of Cheibriados the Contemplative
  1509 | D:2      | Found a glowing golden altar of the Shining One.
  1611 | D:2      | Noticed Robin
  1635 | D:2      | Killed Robin
  1736 | D:2      | Noticed Terence
  1746 | D:2      | Killed Terence
  1871 | D:3      | Reached * piety under Cheibriados
  2127 | D:3      | Reached skill level 5 in Shields
  2130 | D:3      | Reached skill level 5 in Armour
  2425 | D:3      | Reached skill level 5 in Fighting
  2430 | D:3      | Reached ** piety under Cheibriados
  2595 | D:4      | Found Buifud's Assorted Antiques.
  2612 | D:4      | Reached skill level 4 in Maces & Flails
  2612 | D:4      | Reached XP level 7. HP: 42/44 MP: 7/7
  2857 | D:4      | Noticed Paps's ghost (novice GrFi)
  2897 | D:4      | Killed Paps's ghost
  3381 | D:4      | Reached XP level 8. HP: 47/51 MP: 8/8
  3738 | D:5      | Entered Level 5 of the Dungeon
  3745 | D:5      | Noticed Dowan
  3746 | D:5      | Noticed Duvessa
  3760 | D:5      | Killed Duvessa
  3760 | D:5      | Reached skill level 6 in Fighting
  3760 | D:5      | Reached skill level 6 in Armour
  3760 | D:5      | Reached skill level 6 in Shields
  3765 | D:5      | Reached skill level 5 in Maces & Flails
  3777 | D:5      | Killed Dowan
  3918 | D:5      | Reached *** piety under Cheibriados
  3960 | D:5      | Noticed Eustachio
  4030 | D:5      | Killed Eustachio
  4178 | D:5      | Found a staircase to the Ecumenical Temple.
  4341 | D:5      | Found a blossoming altar of Fedhas.
  4341 | D:5      | Noticed Edmund
  4352 | D:5      | Killed Edmund
  4354 | D:5      | Found a bloodstained altar of Trog.
  4354 | D:5      | Found a sparkling altar of Nemelex Xobeh.
  4381 | D:5      | Found an ancient bone altar of Kikubaaqudgha.
  4448 | D:5      | Reached skill level 7 in Fighting
  4448 | D:5      | Reached XP level 9. HP: 57/57 MP: 9/9
  4570 | D:6      | Killed from afar by an orc priest

Vanquished Creatures
  The ghost of Paps the Cudgeler, a novice GrFi (D:4)
  Eustachio (D:5)
  Sigmund (D:2)
  Edmund (D:5)
  Duvessa (D:5)
  2 ogres
  2 centaurs (D:5)
  Dowan (D:5)
  A crimson imp (D:5)
  A jelly (D:2)
  A bullfrog skeleton (D:5)
  A hound (D:5)
  2 orc wizards (D:4)
  Terence (D:2)
  A worker ant (D:4)
  An iguana (D:5)
  A hound skeleton (D:5)
  Robin (D:2)
  4 gnolls (D:3)
  A howler monkey skeleton (D:5)
  5 adders
  A shadow imp (D:5)
  7 oozes (D:2)
  2 adder skeletons (D:4)
  A worm (D:4)
  A dart slug (D:2)
  4 leopard geckos
  17 orcs
  2 giant cockroaches
  14 goblins
  9 hobgoblins
  7 jackals
  8 bats
  3 frilled lizards
  A giant cockroach zombie (D:5)
  15 kobolds
  5 rats
128 creatures vanquished.

Vanquished Creatures (others)
  2 fungi (D:2)
  8 toadstools (D:2)
10 creatures vanquished.

Grand Total: 138 creatures vanquished
